AoeStats
← Jpaca98

Arena

509682746Analyzed
3v3 RM · 4d ago on Sep 27, 2026· 48m 6s· 6 players
Game mode
Random Map
Map size
Normal (6 player)
Population
200
Speed
Normal
Resources
Standard
Victory
Conquest
Starting age
Dark Age
Ending age
Imperial Age
RankedLock teamsTeams togetherTeam positionsShared explorationLock speedFull tech treeHidden civsTurbo modeCheats
Victory
Defeat
🇩🇪 Byzantines · Germany
833
+14
🇩🇪 Danes · Germany
815
+15
🇩🇪 Spanish · Germany
767
+18
🇹🇼 Celts · Taiwan
819
-17
🇦🇷 Lithuanians · Argentina
804
-16
🇹🇷 Poles · Türkiye
767
-14
MarcusMaximus
11:30 Feudal Age
16:37 Castle Age
14:30 Double-Bit Axe
14:28 Horse Collar
14:55 Stone Mining
15:40 Gold Mining
19:31 Bow Saw
21:25 Forging
21:18 Squires
22:25 Loom
23:25 Town Watch
24:02 Scale Mail Armor
27:00 Wheelbarrow
26:01 Hamask
28:22 Hand Cart
29:47 Elite Skirmisher
35:00 Imperial Age
34:14 Thumb Ring
34:12 Padded Archer Armor
34:04 Fletching
34:05 Arson
33:47 Pikeman
34:13 Gambesons
36:30 Chain Mail Armor
35:55 Halberdier
37:24 Ballistics
38:05 Chemistry
38:04 Elite Jomsviking
40:13 Conscription
40:46 Leather Archer Armor
40:26 Bodkin Arrow
43:54 Elite Varangian Guard
45:14 Plate Mail Armor
48:00 Iron Casting
Chrizzlybär
13:50 Feudal Age
18:41 Castle Age
22:00 Double-Bit Axe
22:10 Horse Collar
27:20 Bloodlines
27:12 Husbandry
27:23 Scale Barding Armor
27:29 Forging
30:27 Loom
31:18 Wheelbarrow
30:48 Heavy Plow
31:02 Bow Saw
31:23 Chain Barding Armor
32:29 Iron Casting
33:58 Hand Cart
38:54 Imperial Age
42:03 Elite Conquistador
45:26 Plate Barding Armor
45:52 Blast Furnace
marco.ulrich
13:14 Feudal Age
16:59 Castle Age
15:27 Double-Bit Axe
19:54 Loom
21:59 Wheelbarrow
23:41 Hand Cart
23:46 Gold Mining
25:23 Husbandry
25:30 Scale Barding Armor
29:50 Forging
30:01 Chain Barding Armor
30:02 Horse Collar
30:35 Bow Saw
32:58 Imperial Age
32:26 Iron Casting
34:42 Chemistry
33:35 Heavy Camel Rider
35:00 Plate Barding Armor
35:24 Gold Shaft Mining
34:55 Pikeman
36:19 Squires
36:23 Scale Mail Armor
39:12 Elite Varangian Guard
40:14 Heavy Plow
sburaks
10:59 Feudal Age
17:45 Horse Collar
17:51 Double-Bit Axe
19:03 Wheelbarrow
20:12 Gold Mining
22:46 Castle Age
21:15 Forging
21:10 Scale Barding Armor
21:23 Scale Barding Armor
24:48 Bow Saw
24:45 Padded Archer Armor
24:51 Heavy Plow
26:43 Fletching
26:57 Squires
27:05 Husbandry
29:31 Leather Archer Armor
34:07 Bodkin Arrow
34:13 Scale Mail Armor
35:41 Hand Cart
35:19 Stone Mining
35:52 Chain Barding Armor
36:07 Iron Casting
35:48 Chain Mail Armor
35:35 Caravan
35:26 Arson
35:24 Pikeman
37:24 Stone Shaft Mining
37:26 Iron Casting
37:06 Chain Mail Armor
36:16 Elite Skirmisher
36:45 Arson
38:53 Town Watch
39:57 Treadmill Crane
40:27 Masonry
40:38 Ballistics
40:10 Guard Tower
41:54 Bloodlines
42:01 Town Patrol
42:42 Szlachta Privileges
44:01 Man-at-Arms
small650305
14:46 Feudal Age
15:45 Double-Bit Axe
16:15 Horse Collar
21:33 Castle Age
19:19 Loom
21:14 Stone Mining
21:18 Gold Mining
22:32 Bow Saw
22:01 Crossbowman
25:29 Fletching
26:56 Wheelbarrow
28:12 Caravan
31:03 Bodkin Arrow
38:12 Imperial Age
36:22 Ballistics
36:22 Padded Archer Armor
38:18 Leather Archer Armor
38:27 Forging
38:18 Scale Mail Armor
42:17 Chain Mail Armor
42:38 Iron Casting
44:10 Ring Archer Armor
44:45 Chemistry
47:35 Plate Mail Armor
48:06 Blast Furnace
Jpaca98
1:25 Loom
12:22 Feudal Age
12:45 Horse Collar
13:19 Double-Bit Axe
14:04 Gold Mining
21:18 Castle Age
19:56 Stone Mining
21:31 Bloodlines
22:12 Husbandry
23:00 Heavy Plow
26:24 Wheelbarrow
27:04 Bow Saw
31:44 Imperial Age
30:42 Scale Barding Armor
36:27 Elite Leitis
37:40 Chain Barding Armor
40:13 Chemistry
39:51 Plate Barding Armor
41:24 Crop Rotation
42:38 Forging
45:30 Light Cavalry
46:52 Iron Casting
Connection lost

Rejoining the realm…

Still unreachable

The connection could not be restored.

Session expired

The server has moved on; the page needs a fresh start.